 Dungeon Crawl Stone Soup version 0.26-a0-455-g0958c023ba (webtiles) character file.

Game seed: 6168398110717864047

258 tilp the Sneak (level 5, 0/24 HPs)
             Began as a Spriggan Enchanter on July 28, 2020.
             Killed from afar by an orc wizard (7 damage)
             ... with a magic dart
             ... on level 3 of the Dungeon.
             The game lasted 00:07:51 (4363 turns).

tilp the Sneak (Spriggan Enchanter)                 Turns: 4363, Time: 00:07:51

Health: 0/24       AC:  2    Str:  4    XL:     5   Next: 94%
Magic:  4/10       EV: 18    Int: 17    God:
Gold:   252        SH:  0    Dex: 17    Spells: 0/9 levels left

rFire    + . .     SeeInvis +   a - +1 dagger
rCold    . . .     Faith    .   (shield restricted)
rNeg     . . .     Spirit   .   b - +0 robe
rPois    .         Reflect  .   (helmet restricted)
rElec    .         Harm     .   (no cloak)
rCorr    .                      (gloves unavailable)
MR       .....                  (boots unavailable)
Stlth    +++.......             f - amulet of magic regeneration
HPRegen  0.08/turn              e - ring of protection from cold
MPRegen  0.37/turn              l - ring of fire

@: very slightly contaminated, very quick
A: very small, unfitting armour, see invisible, speed 3
a: no special abilities


You were on level 3 of the Dungeon.
You visited 1 branch of the dungeon, and saw 3 of its levels.

You collected 252 gold pieces.

Inventory:

Hand Weapons
 a - a +1 dagger (weapon)
Missiles
 g - 123 stones (quivered)
 u - 12 poisoned darts
Armour
 b - a +0 robe (worn)
 m - a +0 buckler
Jewellery
 e - a ring of protection from cold (left hand)
 f - an amulet of magic regeneration (around neck)
 l - a ring of fire (right hand)
Wands
 o - a wand of acid (9)
Scrolls
 c - a scroll of immolation {unknown}
 d - a scroll of amnesia
 h - a scroll of noise {unknown}
 i - 3 scrolls of teleportation
 k - 4 scrolls of remove curse
 n - 2 scrolls of identify
 q - 3 scrolls of magic mapping
Potions
 j - a potion of magic
 p - 2 potions of stabbing
 r - a potion of flight {unknown}
 s - a potion of mutation {unknown}
 t - 3 potions of curing {unknown}


   Skills:
 + Level 3.2 Short Blades
 - Level 3.0 Dodging
 + Level 6.1 Stealth
 * Level 2.3 Shields
 - Level 2.6 Spellcasting
 + Level 4.9 Hexes


You couldn't memorise any spells.
You knew the following spells:

 Your Spells              Type           Power        Failure   Level
a - Corona                Hex            ###....      2%          1
b - Ensorcelled Hibernat  Hex/Ice        ##....       10%         2
c - Confusing Touch       Hex            ###.....     7%          3
d - Tukima's Dance        Hex            ###.....     7%          3

Your spell library contained the following spells:

 Spells                   Type           Power        Failure   Level
 Dazzling Flash           Conj/Hex       ##....       21%         3


Dungeon Overview and Level Annotations

Branches:
Dungeon (3/15)

Altars:
Uskayaw


Innate Abilities, Weirdness & Mutations

You are very small and have problems with some larger weapons.
You are too small for most types of armour.
You have supernaturally acute eyesight. (SInv)
You cover ground extremely quickly.


Message History

Confirm with . or Enter, or press ? or * to list all spells.
You don't have enough magic to cast that spell.
Unknown command.
You hit the orc wizard.
The orc wizard is moderately wounded.
The orc seems less confused.
The orc wizard casts a spell at you. The magic dart hits you!
* * * LOW HITPOINT WARNING * * *
You barely miss the orc wizard.
The orc wizard is moderately wounded.
The orc hits you from afar with a +0 trident.
* * * LOW HITPOINT WARNING * * *
You barely miss the orc wizard.
The orc wizard is moderately wounded.
The orc wizard hits you but does no damage.
The orc misses you.
The orc wizard points at you and mumbles some strange words.
The magic dart hits you!
You die...

................>......)......###
#..######.......#.#....)[........
#..# #........#.#.#########.###
...#####..........#...# #.#
..........)......<...## #.#
............#####.#..# #.#
............# #.#..# #.#
...#####....#####....########.#
...# ##.......@##.........#.#
...######...................#.#
..)...............##........#.#
......[..............(........#
#.#######........###........###
............................#
#.########.o..........#######
....<...##o#####.#.......#
#.......##..o.o).###.....#


You could see an orc wizard and an orc.

Vanquished Creatures
  3 orc priests
  An orc wizard (D:2)
  2 adders (D:2)
  4 gnolls (D:2)
  2 worms
  4 leopard geckos
  10 orcs
  A ball python (D:3)
  6 giant cockroaches
  8 goblins
  5 hobgoblins
  4 jackals
  3 kobolds
  8 bats
  3 frilled lizards
  5 rats
69 creatures vanquished.

Notes
Turn   | Place    | Note
-------+----------+-------------------------------------------
     0 | D:1      | tilp the Spriggan Enchanter began the quest for the Orb.
     0 | D:1      | Reached XP level 1. HP: 9/9 MP: 5/5
   773 | D:1      | Reached XP level 2. HP: 13/13 MP: 4/6
   777 | D:1      | Learned a level 2 spell: Ensorcelled Hibernation
  1384 | D:2      | Reached skill level 5 in Stealth
  1490 | D:2      | Reached XP level 3. HP: 16/16 MP: 0/8
  1865 | D:2      | Reached skill level 1 in Shields
  1865 | D:2      | Reached XP level 4. HP: 16/21 MP: 3/9
  2194 | D:2      | Reached XP level 5. HP: 24/24 MP: 2/10
  3282 | D:3      | Noticed a +0 hand axe
  3284 | D:3      | Noticed a +0 dagger
  3309 | D:3      | Found a hide-covered altar of Uskayaw.
  3543 | D:3      | Reached skill level 6 in Stealth
  3789 | D:3      | Learned a level 3 spell: Confusing Touch
  3793 | D:3      | Learned a level 3 spell: Tukima's Dance
  4363 | D:3      | Killed from afar by an orc wizard

Illustrated notes

Levels and vault maps discovered:
D:1:      minmay_arrival_wavy_path, layout_basic, minmay_misc_feat_five,
          minmay_misc_feat_doors
D:2:      layout_loops_ring, minmay_diced_spiral
D:3:      layout_basic, dancing_weapons_uskayaw, minmay_misc_feat_encased,
          minmay_misc_feat_pillars

Skill      XL: |  1  2  3  4  5 |
---------------+----------------+-----
Hexes          | 4 |  4.9
Stealth        | 5 6 |  6.1
Short Blades   | 2 3 |  3.2
Shields        | 1 2 |  2.3
Dodging        | |  3.0
Spellcasting   | |  2.6

Action                   |  1- 3 |  4- 6 || total
-------------------------+-------+-------++-------
Melee: Dagger            |   133 |    78 ||   211
Throw: Stone             |       |     1 ||     1
 Cast: Corona            |    18 |       ||    18
       Ensorcelled Hiber |    14 |    58 ||    72
       Confusing Touch   |       |     1 ||     1
  Use: Scroll            |     2 |     4 ||     6
 Stab: Sleeping          |    12 |    28 ||    40
Armor: Robe              |    19 |     5 ||    24
Dodge: Dodged            |   128 |    72 ||   200

Table legend: (Time is in decaauts)
 A = Elapsed time spent in this place.
 B = Non-inter-level travel time spent in this place.
 C = Inter-level travel time spent in this place.
 D = Time resting spent in this place.
 E = Time spent auto-exploring this place.
 F = Levels seen in this place.
 G = Mean time per level.
                   A        B        C        D        E       F      G
               +--------+--------+--------+--------+--------+-----+--------+
         Total |   3518 |   3444 |     74 |   1463 |   1361 |   3 | 1172.7 |
       Dungeon |   3518 |   3444 |     74 |   1463 |   1361 |   3 | 1172.7 |
               +--------+--------+--------+--------+--------+-----+--------+

Top non-repeatable levels by time:
     D:3: 1348 daAuts
     D:1: 1140 daAuts
     D:2: 1030 daAuts
